 Dungeon Sprint DCSS version 0.31-a0-1-g4198be8af4 (webtiles) character file.

Game seed: 13154435634556539778

547 Darkkill the Fighter (level 7, 0/52 HPs)
             Began as a Gargoyle Monk on May 2, 2023.
             Was an Initiate of Gozag.
             Slain by an ogre
             ... wielding a +0 giant club
              (26 damage)
             ... in the Dungeon (Sprint VII: "The Pits").
             The game lasted 00:03:03 (349 turns).

Darkkill the Fighter (Gargoyle Monk)                 Turns: 349, Time: 00:03:03

Health: 0/52       AC: 12    Str: 16    XL:     7   Next: 28%
Magic:  7/7        EV: 14    Int: 14    God:    Gozag
Gold:   202        SH:  0    Dex: 15    Spells: 6/6 levels left

rFire   x . .        k - +1 battleaxe of Wu Jian's Regard {distort, Fly rF- Int+3 Dex+3}
rCold   . . .        (shield currently unavailable)
rNeg    + . .        p - +3 ring mail {rPois}
rPois   ∞            (no helmet)
rElec   +            (no cloak)
rCorr   .            (no gloves)
SInv    .            (no boots)
Will    .....        (no amulet)
Stlth   +            (no ring)
HPRegen 0.28/turn    (no ring)
MPRegen 0.10/turn

%: no teleportation
@: flying
A: sickness immunity, AC +4, negative energy resistance 1, electricity
resistance, torment resistance 1, petrification resistance
a: Renounce Religion, Potion Petition, Call Merchant, Bribe Branch


You were in the Dungeon.
You worshipped Gozag.
Gozag was aware of your devotion.
You visited 1 branch You collected 1188 gold pieces.
You spent 425 gold pieces at shops.
You paid 561 gold pieces to Gozag.

Inventory:

Hand Weapons
 k - the +1 battleaxe of Wu Jian's Regard (weapon) {distort, Fly rF- Int+3 Dex+3}
   (You bought it in a shop in the Dungeon)

   Int:       It affects your intelligence (+3).
   Dex:       It affects your dexterity (+3).
   rF:        It makes you vulnerable to fire.
   Fly:       It grants you flight.
Missiles
 l - 10 stones (quivered)
Armour
 p - a +3 ring mail of poison resistance (worn)
Wands
 b - a wand of quicksilver (4)
Scrolls
 j - a scroll of blinking
 m - 5 scrolls of amnesia
 n - a scroll of butterflies
Potions
 a - 2 potions of invisibility
 c - a potion of ambrosia
 e - 6 potions of curing {@q1}
 f - 5 potions of heal wounds
 g - a potion of haste
 h - 4 potions of magic
 i - 2 potions of berserk rage


   Skills:
 + Level 10.2 Fighting
 + Level 9.4 Maces & Flails
 + Level 7.8 Dodging


You had 6 spell levels left.
You didn't know any spells.
Your spell library was empty.

Dungeon Overview and Level Annotations

Branches:
Dungeon (1/1)

Altars:
Ashenzari
Cheibriados
Dithmenos
Elyvilon
Fedhas
Gozag
Hepliaklqana
Kikubaaqudgha
Makhleb
Nemelex Xobeh
Okawaru
Qazlal
Ru
Sif Muna
Trog
Uskayaw
Vehumet
Wu Jian
Xom
Yredelemnul
Zin
The Shining One
Jiyva
Lugonu

Shops:
D (


Innate Abilities, Weirdness & Mutations

You are immune to sickness and miasma.
Your stone body is resilient. (AC +4)
You are immune to poison.
You resist negative energy. (rN+)
You are resistant to electric shocks. (rElec)
You are resistant to unholy torment.
You are immune to petrification.


Message History

a +0 scythe; a +0 robe
Things that are here:
a +0 club; a +0 leather armour The ogre shouts!
There is an open door, spattered with blood here.
Things that are here:
45 gold pieces; a +0 spear You recover from your berserk rage.
Things that are here:
45 gold pieces; a +0 spear You puncture the ogre!
The ogre is moderately wounded.
The ogre hits you with a +0 giant spiked club!
You puncture the ogre!
The ogre is almost dead.
The ogre hits you with a +0 giant spiked club.
The ogre barely misses you.
You puncture the ogre!
You kill the ogre!
Your Fighting skill increases to level 10!
You now have 1017 gold pieces (gained 162).
You see here a +0 giant spiked club.
You see here a +0 giant spiked club.
You now have 1062 gold pieces (gained 45).
You see here a +0 spear.
You now have 1107 gold pieces (gained 45).
There is an open door, spattered with blood here.
You see here a +0 spear.
Things that are here:
a +0 club; a +0 leather armour
Things that are here:
a +0 scythe; a +0 robe
Things that are here:
a +0 club; a +0 flail
Things that are here:
a +0 scythe; a +0 robe
Things that are here:
a +0 club; a +0 leather armour
There is an open door, spattered with blood here.
You see here a +0 spear.
You see here a +0 spear.
You start resting.
HP restored. [a] 628 gold - Siguri's Antique Armour Shoppe [b] 561 gold - Xiseg's Antique Weapon Shoppe [c] 739 gold - Finink's Jewellery Boutique Fund which merchant?
You no longer have enough gold to fund merchants seeking to open stores in the dungeon.
Xiseg invites you to visit her Antique Weapon Shoppe.
You no longer have enough gold to petition Gozag for potion effects.
k - the +1 battleaxe of Wu Jian's Regard {distort, Fly rF- Int+3 Dex+3} Thank you for shopping at Xiseg's Antique Weapon Shoppe!
You can't wield that with only one hand.
You can't wield that with only one hand.
You start removing your armour.
You continue taking off your orb of light. x4
You finish taking off your orb of light.
You drop an orb of light.
You feel clever.
You feel agile.
You fly up into the air.
Space warps around you for a moment!
k - the +1 battleaxe of Wu Jian's Regard (weapon)
{distort, Fly rF- Int+3 Dex+3} You drop a +0 heavy trident.
You reach down and open the door.
A goblin comes into view. It is wielding a +0 dagger.
The goblin shouts!
You closely miss the goblin.
The goblin hits you but does no damage. x2
You closely miss the goblin. The goblin misses you.
You hit the goblin.
You kill the goblin!
You now have 166 gold pieces (gained 45).
There is an open door here.
You see here a +0 dagger.
You reach down and open the door.
A hound comes into view.
The hound closely misses you.
You hit the hound.
Space warps horribly around the hound!
You kill the hound!
You now have 202 gold pieces (gained 36).
There is an open door here.
You reach down and open the door.
A quasit, a wolf, a floating eye and an ogre come into view.
The quasit gives a chilling moan.
The wolf howls!
The floating eye turns its gaze towards you.
The ogre shouts!
The floating eye is distracted by your dazzling golden aura.
The floating eye turns its gaze towards you.
You hit the ogre.
Space warps around the ogre.
The ogre is moderately wounded.
The quasit is distracted by your dazzling golden aura.
The ogre hits you with a +0 giant club!!
Ouch! That really hurt!
The quasit gives a chilling moan.
You slash the ogre!
The ogre is severely wounded.
The floating eye is no longer distracted by gold.
The floating eye's view fixates on you.
The ogre hits you with a +0 giant club!!
Ouch! That really hurt!
You die...
Your body crumbles into a pile of gold.

#)#.....#'###...<...#
#)#........##.......#
#)#........##.......#
#)###########.......#
#)).....#5. #########
#..#.#..#h#
#.##.##.#G#
#...∩...#O#
#.##.##.#@+
#..#.#..#'#
#.......).#
###########


You could see an ogre, a wolf, a floating eye (charged) and a quasit.

Vanquished Creatures
  Sigmund (D)
  A floating eye (D)
  An ogre (D)
  A scorpion (D)
  A gnoll bouda (D)
  A hound (D)
  A jelly (D)
  4 gnolls (D)
  An ufetubus (D)
  An orc (D)
  A ball python (D)
  An endoplasm (D)
  3 giant cockroaches (D)
  2 goblins (D)
  A frilled lizard (D)
21 creatures vanquished.

Notes
Turn   | Place    | Note
-------+----------+-------------------------------------------
     0 | D        | Darkkill the Gargoyle Monk began the quest for the Orb.
     0 | D        | Reached XP level 1. HP: 14/14 MP: 1/1
    11 | D        | Noticed a floating eye
    13 | D        | Paralysed by a floating eye for 2 turns
    18 | D        | Killed a floating eye
    19 | D        | Reached skill level 6 in Fighting
    19 | D        | Reached skill level 5 in Dodging
    19 | D        | Reached XP level 2. HP: 23/23 MP: 2/2
    19 | D        | Reached XP level 3. HP: 28/28 MP: 3/3
    19 | D        | Reached XP level 4. HP: 32/32 MP: 4/4
    23 | D        | Found a bloodstained altar of Trog.
    23 | D        | Found a shimmering blue altar of Sif Muna.
    23 | D        | Found a viscous altar of Jiyva.
    23 | D        | Found a hazy altar of Hepliaklqana.
    23 | D        | Found an opulent altar of Gozag.
    24 | D        | Found a glowing golden altar of the Shining One.
    24 | D        | Found a glowing silver altar of Zin.
    24 | D        | Found a basalt altar of Yredelemnul.
    24 | D        | Found a shimmering altar of Xom.
    24 | D        | Found an ornate altar of the Wu Jian Council.
    24 | D        | Found a sacrificial altar of Ru.
    24 | D        | Found a stormy altar of Qazlal.
    24 | D        | Found an iron altar of Okawaru.
    24 | D        | Found a sparkling altar of Nemelex Xobeh.
    24 | D        | Found a burning altar of Makhleb.
    24 | D        | Found a blossoming altar of Fedhas.
    24 | D        | Found a white marble altar of Elyvilon.
    24 | D        | Found a shadowy altar of Dithmenos.
    24 | D        | Found a snail-covered altar of Cheibriados.
    26 | D        | Found a radiant altar of Vehumet.
    26 | D        | Found a corrupted altar of Lugonu.
    27 | D        | Found a hide-covered altar of Uskayaw.
    27 | D        | Found an ancient bone altar of Kikubaaqudgha.
    27 | D        | Found a broken altar of Ashenzari.
    47 | D        | Became a worshipper of Gozag Ym Sagoz the Greedy
   110 | D        | Noticed a scorpion
   122 | D        | Killed a scorpion
   123 | D        | Reached skill level 7 in Fighting
   123 | D        | Reached XP level 5. HP: 32/38 MP: 5/5
   205 | D        | Noticed Sigmund
   205 | D        | Noticed an ogre
   223 | D        | Reached skill level 8 in Fighting
   226 | D        | Killed Sigmund
   227 | D        | Reached skill level 9 in Fighting
   227 | D        | Reached XP level 6. HP: 47/47 MP: 6/6
   237 | D        | Reached XP level 7. HP: 38/52 MP: 7/7
   254 | D        | Reached skill level 10 in Fighting
   321 | D        | Bought a brightly glowing battleaxe for 425 gold pieces
   321 | D        | Identified the +1 battleaxe of Wu Jian's Regard {distort,
                  | Fly rF- Int+3 Dex+3} (You bought it in a shop in the
                  | Dungeon)
   349 | D        | Slain by an ogre

Illustrated notes

Levels and vault maps discovered:
D:        pitsprint [storerooms_1, entrance_room_1, metal_vault_3, armoury_2,
          mini_pit_1, grid_room_1, main_hall_1, silver_pit, the_coven_1,
          the_vestibule_1, steel_vault_2, golden_pit, hallway_of_sentries,
          crystal_vault_6, iron_vault_4, final_vault]

Skill      XL: |  1  2  3  4  5  6  7 |
---------------+----------------------+-----
Fighting       | 6 7 9 10 | 10.2
Maces & Flails | 6 8 9 |  9.4
Dodging        | 5 7 |  7.8

Action                     |  1- 3 |  4- 6 |  7- 9 || total
---------------------------+-------+-------+-------++-------
  Melee: Mace              |     5 |       |       ||     5
         Trident           |       |    38 |     3 ||    41
         Battleaxe         |       |       |     6 ||     6
 Invoke: Call Merchant     |       |       |     1 ||     1
    Use: Potion            |       |     2 |       ||     2
 Armour: Robe              |       |     7 |       ||     7
         Ring mail         |       |     8 |     2 ||    10
  Dodge: Dodged            |       |    32 |     3 ||    35

Table legend: (Time is in decaauts)
 A = Elapsed time spent in this place.
 B = Non-inter-level travel time spent in this place.
 C = Inter-level travel time spent in this place.
 D = Time resting spent in this place.
 E = Time spent auto-exploring this place.
 F = Levels seen in this place.
 G = Mean time per level.
                   A        B        C        D        E       F      G
               +--------+--------+--------+--------+--------+-----+--------+
         Total |    378 |    378 |      0 |     39 |      0 |   1 |  378.0 |
       Dungeon |    378 |    378 |      0 |     39 |      0 |   1 |  378.0 |
               +--------+--------+--------+--------+--------+-----+--------+

Top non-repeatable levels by time:
       D: 378 daAuts

Levels and vault maps discovered:
D:        pitsprint [storerooms_1, entrance_room_1, metal_vault_3, armoury_2,
          mini_pit_1, grid_room_1, main_hall_1, silver_pit, the_coven_1,
          the_vestibule_1, steel_vault_2, golden_pit, hallway_of_sentries,
          crystal_vault_6, iron_vault_4, final_vault]

Table legend: (Time is in decaauts)
 A = Elapsed time spent in this place.
 B = Non-inter-level travel time spent in this place.
 C = Inter-level travel time spent in this place.
 D = Time resting spent in this place.
 E = Time spent auto-exploring this place.
 F = Levels seen in this place.
 G = Mean time per level.
                   A        B        C        D        E       F      G
               +--------+--------+--------+--------+--------+-----+--------+
         Total |    378 |    378 |      0 |     39 |      0 |   1 |  378.0 |
       Dungeon |    378 |    378 |      0 |     39 |      0 |   1 |  378.0 |
               +--------+--------+--------+--------+--------+-----+--------+

Top non-repeatable levels by time:
       D: 378 daAuts

Table legend:
 A = Kills in this place as a percentage of kills in the entire game.
 B = Kills by you in this place as a percentage of kills by you in the entire game.
 C = Kills by friends in this place as a percentage of kills by friends in the entire game.
 D = Other kills in this place as a percentage of other kills in the entire game.
 E = Experience gained in this place as a percentage of experience gained in the entire game.
 F = Experience gained in this place divided by the number of levels of this place that you have seen.
                   A       B       C       D       E      F
               +-------+-------+-------+-------+-------+----------------------
         Total | 100.0 | 100.0 |   N/A |   N/A | 100.0 | 782.0
       Dungeon | 100.0 | 100.0 |   N/A |   N/A | 100.0 | 782.0
               +-------+-------+-------+-------+-------+----------------------
